 Dungeon Crawl Stone Soup version 0.18.1-48-g4cf74bf (webtiles) character file.

1312 Heedrag the Destroyer (level 8, -19/43 HPs)
             Began as a Deep Elf Conjurer on Sept 1, 2016.
             Killed from afar by HEYYEYAAE's ghost (30 damage)
             ... with a bolt of negative energy
             ... on level 6 of the Dungeon.
             The game lasted 00:13:13 (6822 turns).

Heedrag the Destroyer (Deep Elf Conjurer)           Turns: 6822, Time: 00:13:14

Health: -19/43     AC:  4    Str:  7    XL:     8   Next: 32%
Magic:  11/20      EV: 12    Int: 23    God:
Gold:   341        SH:  0    Dex: 17    Spells: 3 memorised, 11 levels left

rFire  + . .     SeeInvis .     y - +3 halberd of Otwilem {chop, rF+ Int+2 Dex+2 Stlth+}
rCold  . . .     Gourm    +     a - +0 robe
rNeg   . . .     Faith    .     (shield currently unavailable)
rPois  .         Spirit   .     k - +0 helmet
rElec  .         Dismiss  .     v - +0 cloak
rCorr  .         Reflect  .     (no gloves)
SustAt .         Harm     .     (no boots)
MR     .....                    z - amulet of the gourmand (curse)
Stlth  +++.......               (no ring)
                                (no ring)

@: heavily drained, not resistant to hostile enchantments, fairly stealthy
A: no striking features
a: no special abilities


You were on level 6 of the Dungeon.
You were not hungry.

You visited 2 branches of the dungeon, and saw 7 of its levels.
You also visited: Ossuary.

You collected 341 gold pieces.

Inventory:

Hand Weapons
 q - a +3 whip of electrocution
 r - a +0 blowgun
 y - the +3 halberd of Otwilem (weapon) {chop, rF+ Int+2 Dex+2 Stlth+}
   (You found it on level 5 of the Dungeon)

   It inflicts extra damage upon your enemies.
   It affects your intelligence (+2).
   It affects your dexterity (+2).
   It protects you from fire.
   It makes you more stealthy.
Armour
 a - a +0 robe (worn)
 k - a +0 helmet (worn)
 v - a +0 cloak (worn)
Jewellery
 z - a cursed amulet of the gourmand (around neck)
Wands
 p - a wand of disintegration (13/24)
Scrolls
 d - 5 scrolls of identify
 g - 3 scrolls of remove curse
 t - 2 scrolls of teleportation {unknown}
 u - a scroll of recharging {unknown}
 x - 2 scrolls of magic mapping {unknown}
Potions
 e - a potion of ambrosia {unknown}
 f - a potion of degeneration {unknown}
 h - a potion of magic {unknown}
 j - 2 potions of mutation {unknown}
 l - a potion of agility {unknown}
 m - 2 potions of haste {unknown}
 o - 5 potions of curing {unknown}
 s - a potion of cure mutation {unknown}
 w - a potion of cancellation {unknown}
Books
 b - a book of Conjurations

   Spells                             Type                      Level
   a - Magic Dart                     Conjuration                  1
   b - Searing Ray                    Conjuration                  2
   c - Dazzling Spray                 Conjuration/Hexes            3
   d - Fulminant Prism                Conjuration/Hexes            4
   e - Iskenderun's Mystic Blast      Conjuration                  4
   f - Iskenderun's Battlesphere      Conjuration/Charms           5
Comestibles
 c - 3 bread rations
 i - 5 fruits
 n - 3 meat rations


   Skills:
 * Level 1.5(0.3) Fighting
 + Level 2.9(1.7) Dodging
 - Level 2.4(1.2) Stealth
 + Level 7.1(5.7) Spellcasting
 * Level 9.1(7.6) Conjurations
 + Level 6.0(4.6) Charms


You had 11 spell levels left.
You knew the following spells:

 Your Spells              Type           Power        Failure   Level  Hunger
a - Magic Dart            Conj           ####         1%          1    None
b - Iskenderun's Mystic   Conj           #####...     4%          4    ###....
c - Iskenderun's Battles  Conj/Chrm      ####....     21%         5    #####..


Dungeon Overview and Level Annotations

Branches:
Dungeon (6/15)             Temple (1/1) D:5

Altars:
Cheibriados
Dithmenos
Fedhas
Kikubaaqudgha
Makhleb
Okawaru
Pakellas
Qazlal
Ru
Sif Muna
Trog
Xom
The Shining One

Shops:
D:5 (

Annotations:
D:6 HEYYEYAAE's ghost, novice DrIE


Message History

HEYYEYAAE's ghost be moderately damaged.
Yer battlesphere 'spends tha last o' its energy an' dissipates.
Castin': Magic Dart Confirm wit' . or Enter, or press ? or * ta list all spells.
Aimin': Magic Dart
Press: ? - help, Shift-Dir - straight line, f/p - HEYYEYAAE's ghost
Aim: HEYYEYAAE's ghost, wieldin' a weapon o' electrocution (lightly damaged) Tha magic dart hits HEYYEYAAE's ghost.
HEYYEYAAE's ghost be moderately damaged.
HEYYEYAAE's ghost breathas negative energy at ye.
Tha bolt o' negative energy misses ye.
HEYYEYAAE's ghost breathas negative energy at ye.
Tha bolt o' negative energy hits ye!
Ye feel drain'd.
Ouch! Tha re'lly hurt!
* * * LOW HITPOINT WARNIN'
* * * HEYYEYAAE's ghost shrieks, "Ye must na succeed where I failed!"
HEYYEYAAE's ghost breathas negative energy at ye.
Tha bolt o' negative energy hits ye!
Ye feel drain'd.
Ouch! Tha re'lly hurt!
Ye die...

....
###############
#...
#.............#
#...
#.###########.#
#...
########.####
#># #...
#..W....@...#
#.# #..
#..########.#
#.#
#.##..###..#
#.# #.#
#..........#
#.# ######.#
.###.#)###.#
#<# #......#
#..## #.# #.#
#.###### #..
#.# ##.# #.#
)... #.# #..#
#.# ..... #.#
#.## #.#


You could see HEYYEYAAE's ghost.

Vanquished Creatures
  The ghost of Thomus the Skirmisher, an amateur HOWn (D:4)
  An ice beast (D:5)
  2 ogres
  2 elf zombies (Ossuary)
  A scorpion (D:5)
  3 human zombies (Ossuary)
  A centaur zombie (Ossuary)
  2 orc wizards (D:6)
  A centaur skeleton (D:5)
  An iguana (D:5)
  3 worker ants
  2 big kobold zombies (Ossuary)
  3 mummies (Ossuary)
  8 gnolls
  9 adders
  2 adder zombies (Ossuary)
  4 worms
  A dart slug (D:1)
  2 giant geckos
  2 orcs
  4 bats
  3 bat skeletons (D:5)
  A bat zombie (D:5)
  2 giant cockroaches
  10 hobgoblins
  7 jackals
  6 kobolds
  2 quokkas
  2 ball pythons
  4 giant newts
  2 gnoll zombies (Ossuary)
  2 goblins
  A goblin zombie (Ossuary)
  3 hobgoblin zombies (Ossuary)
  2 jackal skeletons (D:4)
  5 jackal zombies (Ossuary)
  5 kobold zombies (Ossuary)
  2 quokka zombies (Ossuary)
  4 rats
  7 rat zombies (Ossuary)
125 creatures vanquished.

Notes
Turn   | Place    | Note
--------------------------------------------------------------
     0 | D:1      | Heedrag the Deep Elf Conjurer began the quest for the Orb.
     0 | D:1      | Reached XP level 1. HP: 10/10 MP: 6/6
   222 | D:1      | Reached XP level 2. HP: 15/15 MP: 2/8
   667 | D:1      | Reached skill level 5 in Conjurations
  1004 | D:2      | Reached XP level 3. HP: 19/19 MP: 3/10
  1302 | D:2      | Reached XP level 4. HP: 24/24 MP: 7/12
  1484 | D:2      | Learned a level 4 spell: Iskenderun's Mystic Blast
  1923 | D:3      | Reached skill level 6 in Conjurations
  1975 | D:3      | Found a bloodstained altar of Trog.
  2371 | D:3      | Reached XP level 5. HP: 28/28 MP: 9/14
  2470 | D:3      | Learned a level 5 spell: Iskenderun's Battlesphere
  2677 | D:4      | Noticed Thomus's ghost (amateur HOWn)
  2685 | D:4      | Found a sand-covered staircase.
  2694 | Ossuary  | Entered an ossuary
  2844 | Ossuary  | Reached skill level 1 in Charms
  2955 | Ossuary  | Reached skill level 5 in Spellcasting
  3170 | Ossuary  | Reached XP level 6. HP: 5/32 MP: 0/15
  3629 | Ossuary  | Reached skill level 7 in Conjurations
  4497 | D:4      | Killed Thomus's ghost
  4497 | D:4      | Reached skill level 8 in Conjurations
  4497 | D:4      | Reached XP level 7. HP: 35/36 MP: 1/18
  4867 | D:4      | Paralysed by miscasting Iskenderun's Battlesphere for 5 turns
  4876 | D:4      | Reached skill level 5 in Charms
  5548 | D:5      | Entered Level 5 of the Dungeon
  5683 | D:5      | Got a crude halberd
  5684 | D:5      | Identified the +3 halberd of Otwilem {chop, rF+ Int+2 Dex+2 Stlth+} (You found it on level 5 of the Dungeon)
  5910 | D:5      | Reached XP level 8. HP: 20/41 MP: 7/20
  6142 | D:5      | Found an ancient bone altar of Kikubaaqudgha.
  6345 | D:5      | Found Vos Vomn's Weapon Boutique.
  6356 | D:5      | Found a staircase to the Ecumenical Temple.
  6432 | Temple   | Entered the Ecumenical Temple
  6563 | D:5      | Reached skill level 1 in Fighting
  6665 | D:5      | Reached skill level 9 in Conjurations
  6808 | D:6      | Noticed HEYYEYAAE's ghost (novice DrIE)
  6822 | D:6      | Killed from afar by HEYYEYAAE's ghost

Skill      XL: |  1  2  3  4  5  6  7  8 |
---------------+-------------------------+-----
Conjurations   | 5 6 8 9 |  9.1
Spellcasting   | 4 5 6 7 |  7.1
Charms         | 2 4 5 6 |  6.0
Fighting       | 1 |  1.5
Dodging        | |  2.9
Stealth        | |  2.4

Action                   |  1- 3 |  4- 6 |  7- 9 || total
-------------------------+-------+-------+-------++-------
Melee: Unarmed           |       |     5 |       ||     5
       Whip              |       |    18 |     5 ||    23
       Halberd           |       |       |     4 ||     4
 Cast: Magic Dart        |    61 |   220 |    84 ||   365
       Iskenderun's Myst |       |    13 |     2 ||    15
       Iskenderun's Batt |       |     2 |    10 ||    12
  Use: Scroll            |       |     4 |     1 ||     5
  Eat: Chunk             |     1 |     5 |     9 ||    15
       Beef jerky        |       |     2 |       ||     2
       Meat ration       |       |     1 |       ||     1
       Fruit             |       |       |     1 ||     1
Armor: Robe              |       |    13 |     6 ||    19
Dodge: Dodged            |     5 |    53 |    16 ||    74
